 Dungeon Crawl Stone Soup version 0.17.0-26-gececa24 (webtiles) character file.

4319 septik the Cleaver (level 10, -4/62 (63) HPs)
             Began as a Formicid Fighter on Nov 19, 2015.
             Was a Believer of Ashenzari.
             Slain by a yak (12 damage)
             ... on level 9 of the Dungeon.
             The game lasted 00:20:51 (8183 turns).

septik the Cleaver (Formicid Fighter)               Turns: 8183, Time: 00:20:51

HP:   -4/62 (63)    AC: 10    Str: 28    XL:     10   Next: 58%
MP:   10/10         EV:  5    Int:  8    God:    Ashenzari [**....]
Gold: 484           SH: 10    Dex: 10    Spells: 0 memorised, 9 levels left

rFire  . . .     SeeInvis +     a - +1 war axe
rCold  . . .     Clarity  +     C - +1 plate armour
rNeg   . . .     SustAt   .     c - +0 shield
rPois  .         Gourm    .     (helmet unavailable)
rElec  .         Spirit   .     D - +0 cloak
rCorr  .         Warding  .     (no gloves)
rMut   .         Stasis   +     x - +0 pair of boots (curse)
MR     ++...                    A - amulet of clarity (curse)
Stlth  ..........               j - ring of wizardry
                                B - +4 ring of strength (curse)

@: lethally poisoned (-4 -> -4), very resistant to hostile enchantments,
extremely unstealthy
A: permanent stasis, dig shafts and tunnels, four strong arms, antennae 3, beak,
hooves 1, molten scales 1, deformed body, frail 1, magic resistance 1, subdued
magic 1, MP-powered wands
a: Dig, Shaft Self, Scrying, Renounce Religion


You were on level 9 of the Dungeon.
You worshipped Ashenzari.
Ashenzari was pleased with you.
You were very hungry.

You visited 1 branch of the dungeon, and saw 9 of its levels.
You also visited: Sewer and Ossuary.

You collected 670 gold pieces.
You spent 186 gold pieces at shops.

Inventory:

Hand Weapons
 a - a +1 war axe (weapon)
Missiles
 f - 197 stones (quivered)
Armour
 b - a +0 scale mail
 c - a +0 shield (worn)
 x - a cursed +0 pair of boots (worn)
 y - a +0 chain mail
 C - a +1 plate armour (worn)
 D - a +0 cloak (worn)
Magical Staves
 K - an uncursed staff of fire
Jewellery
 j - a ring of wizardry (right hand)
 w - an uncursed ring of ice
 A - a cursed amulet of clarity (around neck)
 B - a cursed +4 ring of strength (left hand)
 G - an uncursed ring of positive energy
 T - an uncursed ring of stealth
 U - an uncursed amulet of resist mutation
Scrolls
 k - 3 scrolls of blinking
 n - 2 scrolls of recharging
 q - 2 scrolls of teleportation
 s - a scroll of enchant armour
 u - 2 scrolls of fog
 z - 2 scrolls of amnesia
 J - 5 scrolls of remove curse
 L - 3 scrolls of noise {unknown}
 M - a scroll of vulnerability {unknown}
 Q - 2 scrolls of identify
 R - a scroll of immolation {unknown}
 S - a scroll of fear {unknown}
 W - a scroll of curse armour
 Y - a scroll of curse weapon
 Z - a scroll of curse jewellery
Potions
 d - 6 potions of might
 e - 3 potions of lignification {unknown}
 h - 2 potions of brilliance {unknown}
 l - a potion of haste
 m - a potion of resistance
 o - 4 potions of curing
 p - a potion of cancellation {unknown}
 r - a potion of poison {unknown}
 v - a potion of agility {unknown}
 H - 3 potions of degeneration {unknown}
 N - 2 potions of heal wounds {unknown}
 O - 3 potions of flight {unknown}
 P - 3 potions of invisibility {unknown}
 X - a potion of experience {unknown}
Books
 E - the Incunabulum of Confrontation
   (You found it on level 6 of the Dungeon)

   Spells                             Type                      Level
   a - Shock                          Conjuration/Air              1
   b - Static Discharge               Conjuration/Air              3
   c - Fireball                       Conjuration/Fire             5
   d - Bolt of Fire                   Conjuration/Fire             6
Comestibles
 g - 4 meat rations
 t - 2 royal jellies
 F - a beef jerky
 I - 5 fruits
 V - a bread ration


   Skills:
 - Level 3.2 Fighting
 + Level 14.2 Axes
 - Level 3.2 Armour
 - Level 3.6 Shields


You had 9 spell levels left.
You didn't know any spells.

Dungeon Overview and Level Annotations

Branches:
Dungeon (9/15)             Temple (0/1) D:4
   Lair: D:8-11         Orc: D:9-12

Altars:
Ashenzari
Dithmenos
Elyvilon
Nemelex Xobeh
Okawaru
Qazlal
Ru
The Shining One

Shops:
D:7 *


Innate Abilities, Weirdness & Mutations

You are under a permanent stasis effect.
You can dig through walls and to a lower floor.
Your four strong arms can wield two-handed weapons with a shield.
You have a pair of large antennae on your head (SInv).
You have a beak for a mouth.
You have large cloven feet.
You are partially covered in molten scales (AC +1).
Armour fits poorly on your strangely shaped body.
You are frail (-10% HP).
You are resistant to hostile enchantments.
Your spells are a little easier to cast, but a little less powerful.
You expend magic power (3 MP) to strengthen your wands.


Message History

A yak comes into view.
The yak bellows!
You block the yak's attack. x2
There is a stone staircase leading up, spattered with blood here.
Things that are here:
a yak corpse x3
Unknown command.
You slash the yak! You peck the yak.
The yak is moderately wounded.
You slash the yak!
The yak is moderately wounded.
You block the yak's attack. The yak gores you!
* * * LOW HITPOINT WARNING * * *
Unknown command.
You hit the yak.
The yak is heavily wounded.
You hit the yak but do no damage.
The yak is moderately wounded.
You feel sick. The yak gores you!
You die...

, #. #, #.
<##.# *,
.... *#..###
#.##.(.$####
,
#......YYY.#
* , * * #@#*
* #.# * * *
*,#.# , ≈ *
#.#**** ,
,#.# ≈ *, **
..# * ≈ , ,,
, ### ≈ * ,
,, , , ,


You could see 3 yaks.

Vanquished Creatures
  Erolcha (D:8)
  Joseph (D:7)
  Prince Ribbit (D:7)
  3 yaks (D:9)
  A hungry ghost (D:8)
  Purgy (Sewer)
  2 phantoms
  3 sky beasts
  A necrophage (D:5)
  3 ogres
  A black bear (D:6)
  5 centaurs
  A giant frog (D:6)
  A wyvern zombie (D:8)
  2 gnoll sergeants
  3 scorpions
  A quasit (D:7)
  A giant frog skeleton (D:6)
  An orc wizard (D:5)
  An orc priest (D:7)
  3 hounds (D:5)
  2 jellies
  5 worker ants
  An iguana (D:4)
  A hound zombie (D:8)
  8 mummies (Ossuary)
  13 gnolls
  9 adders
  2 shadow imps
  3 worms
  3 giant geckos
  13 orcs
  6 giant cockroaches
  6 goblins
  9 hobgoblins
  6 jackals
  3 quokkas
  A ball python (D:1)
  11 bats
  A giant gecko skeleton (D:6)
  A giant gecko zombie (D:5)
  6 giant newts
  3 hobgoblin zombies (Ossuary)
  17 kobolds
  3 kobold zombies (Ossuary)
  2 orc zombies (Ossuary)
  A quokka skeleton (D:6)
  2 quokka zombies
  2 rats
177 creatures vanquished.

Notes
Turn   | Place    | Note
--------------------------------------------------------------
     0 | D:1      | septik the Formicid Fighter began the quest for the Orb.
     0 | D:1      | Reached XP level 1. HP: 18/18 MP: 1/1
    51 | D:1      | Reached XP level 2. HP: 14/24 MP: 2/2
   483 | D:1      | Reached XP level 3. HP: 24/29 MP: 3/3
  1059 | D:2      | Reached XP level 4. HP: 35/35 MP: 4/4
  1065 | D:2      | Reached skill level 4 in Axes
  1771 | D:3      | Reached XP level 5. HP: 41/41 MP: 5/5
  1775 | D:3      | Found a shattered altar of Ashenzari.
  1826 | D:3      | Became a worshipper of Ashenzari the Shackled
  1864 | D:3      | Found a shadowy altar of Dithmenos.
  2023 | D:3      | Reached skill level 5 in Axes
  2057 | D:3      | Found a sacrificial altar of Ru.
  2572 | D:4      | Found a glowing drain.
  2577 | Sewer    | Entered a sewer
  2694 | Sewer    | Noticed Purgy
  2738 | Sewer    | Killed Purgy
  2738 | Sewer    | Reached skill level 6 in Axes
  2738 | Sewer    | Reached XP level 6. HP: 10/47 MP: 6/6
  3228 | D:4      | Noticed a sky beast
  3252 | D:4      | Killed a sky beast
  3252 | D:4      | Reached skill level 7 in Axes
  3252 | D:4      | Reached XP level 7. HP: 34/52 MP: 7/7
  3256 | D:4      | Gained mutation: You expend magic power (3 MP) to strengthen your wands. [mutagenic meat]
  3298 | D:4      | Noticed an ogre
  3305 | D:4      | Killed an ogre
  3468 | D:4      | Found a stormy altar of Qazlal.
  3470 | D:4      | Noticed a water elemental
  3471 | D:4      | Noticed a fire elemental
  3471 | D:4      | Noticed an air elemental
  3505 | D:4      | Reached skill level 8 in Axes
  3567 | D:4      | Found a glowing golden altar of the Shining One.
  3593 | D:4      | Noticed a phantom
  3629 | D:4      | Killed a phantom
  3629 | D:4      | Reached XP level 8. HP: 21/58 MP: 8/8
  3638 | D:4      | Found a staircase to the Ecumenical Temple.
  3989 | D:5      | Entered Level 5 of the Dungeon
  4095 | D:5      | Reached skill level 9 in Axes
  4220 | D:5      | Reached * piety under Ashenzari
  4604 | D:5      | Reached skill level 10 in Axes
  5301 | D:6      | Found an iron altar of Okawaru.
  5349 | D:6      | Reached XP level 9. HP: 49/63 MP: 9/9
  5430 | D:6      | Reached skill level 11 in Axes
  5602 | D:6      | Found a sparkling altar of Nemelex Xobeh.
  5641 | D:6      | Identified the Incunabulum of Confrontation
  5685 | D:6      | Reached ** piety under Ashenzari
  6386 | D:7      | Found a sand-covered staircase.
  6395 | Ossuary  | Entered an ossuary
  6719 | D:7      | Noticed Prince Ribbit
  6726 | D:7      | Killed Prince Ribbit
  6865 | D:7      | Reached skill level 12 in Axes
  6885 | D:7      | Found Byab Apn's Assorted Antiques.
  6896 | D:7      | Bought a dented malachite amulet for 155 gold pieces
  6896 | D:7      | Bought a scroll labeled TOIRHARIDD for 31 gold pieces
  6902 | D:7      | Noticed Joseph
  7095 | D:7      | Killed Joseph
  7251 | D:7      | Gained mutation: Your spells are a little easier to cast, but a little less powerful. [mutagenic meat]
  7252 | D:7      | Gained mutation: You are frail (-10% HP). [mutagenic meat]
  7253 | D:7      | Lost mutation: You are frail (-10% HP). [mutagenic meat]
  7254 | D:7      | Gained mutation: You are frail (-10% HP). [mutagenic meat]
  7255 | D:7      | Gained mutation: Armour fits poorly on your strangely shaped body. [mutagenic meat]
  7430 | D:8      | Reached XP level 10. HP: 55/62 MP: 10/10
  7697 | D:8      | Reached skill level 13 in Axes
  7966 | D:8      | Noticed Erolcha
  7967 | D:8      | Found a white marble altar of Elyvilon.
  7976 | D:8      | Killed Erolcha
  8142 | D:8      | Gained mutation: You have large cloven feet. [potion of mutation]
  8142 | D:8      | Gained mutation: You are resistant to hostile enchantments. [potion of mutation]
  8142 | D:8      | Gained mutation: You have a beak for a mouth. [potion of mutation]
  8143 | D:8      | Gained mutation: You are partially covered in molten scales (AC +1). [potion of mutation]
  8170 | D:9      | Reached skill level 14 in Axes
  8183 | D:9      | Slain by a yak

Action                   |  1- 3 |  4- 6 |  7- 9 | 10-12 || total
-------------------------+-------+-------+-------+-------++-------
Melee: War axe           |   104 |   120 |   291 |    70 ||   585
       Mace              |       |   201 |       |       ||   201
  Use: Scroll            |       |     1 |    11 |     3 ||    15
       Potion            |       |       |       |     2 ||     2
  Eat: Chunk             |     1 |     8 |     9 |     3 ||    21
       Bread ration      |       |       |     3 |       ||     3
       Meat ration       |       |       |     1 |       ||     1
